 Dungeon Crawl Stone Soup version 0.31-a0-133-gaae73658be (webtiles) character file.

Game seed: 15894844625764975784

303 hikkokomori the Digger (level 5, -2/41 HPs)
             Began as a Demigod Earth Elementalist on June 1, 2023.
             Slain by a hobgoblin
             ... wielding a +0 hand axe
              (4 damage)
             ... on level 4 of the Dungeon on June 3, 2023.
             The game lasted 00:04:39 (3123 turns).

hikkokomori the Digger (Demigod Earth Elementalist) Turns: 3123, Time: 00:04:39

Health: -2/41      AC:  2    Str:  9    XL:     5   Next: 91%
Magic:  3/11       EV: 12    Int: 21    God:
Gold:   157        SH:  0    Dex: 14    Spells: 2/8 levels left

rFire   . . .        k - +2 dagger (drain)
rCold   . . .        (no shield)
rNeg    . . .        a - +0 robe
rPois   +            (no helmet)
rElec   .            (no cloak)
rCorr   .            (no gloves)
SInv    .            (no boots)
Will    .....        (no amulet)
Stlth   ++           j - ring of poison resistance
HPRegen 0.26/turn    (no ring)
MPRegen 0.12/turn

%: no passive effects
@: no status effects
A: high MP 1, forlorn, divine attributes
a: no special abilities


You were on level 4 of the Dungeon.
You visited 1 branch of the dungeon, and saw 4 of its levels.

You collected 157 gold pieces.

Inventory:

Hand Weapons
 k - a +2 dagger of draining (weapon)
Armour
 a - a +0 robe (worn)
Jewellery
 j - a ring of poison resistance (left hand)
 m - an amulet of guardian spirit
Wands
 o - a wand of charming (14)
Scrolls
 c - 2 scrolls of immolation {unknown}
 f - a scroll of enchant weapon {unknown}
 g - 2 scrolls of poison {unknown}
 l - a scroll of blinking {unknown}
 n - a scroll of identify {unknown}
Potions
 b - 3 potions of mutation {unknown}
 d - a potion of curing {unknown}
 e - a potion of might {unknown}
 h - a potion of haste {unknown}
 i - a potion of lignification


   Skills:
 + Level 1.8 Fighting
 - Level 2.3 Dodging
 + Level 3.4 Stealth
 - Level 2.2 Spellcasting
 + Level 1.8 Conjurations
 - Level 1.7 Transmutations
 + Level 3.8 Earth Magic


You had 2 spell levels left.
You knew the following spells:

 Your Spells              Type           Power      Damage    Failure   Level
a - Sandblast             Erth           36%        2d10      3%          1
b - Passwall              Tmut/Erth      11%        N/A       7%          2
c - Stone Arrow           Conj/Erth      28%        3d8       14%         3

Your spell library contained the following spells:

 Spells                   Type           Power      Damage    Failure   Level
 Petrify                  Tmut/Erth      14%        N/A       41%         4


Dungeon Overview and Level Annotations

Branches:
Dungeon (4/15)
 Temple: D:4-7


Innate Abilities, Weirdness & Mutations

You have an increased reservoir of magic. (+10% MP)
You shall have no god before yourself.
Your divine heritage dramatically boosts your attributes as you level up.


Message History

The hobgoblin closely misses you. The iguana barely misses you.
The hobgoblin misses you. The iguana misses you.
You miscast Sandblast.
You are very lightly contaminated with residual magic.
Nothing appears to happen.
The hobgoblin barely misses you. The iguana bites you.
The blast of sand hits the iguana but does no damage.
The iguana is moderately wounded.
The hobgoblin hits you but does no damage.
The iguana bites you!
The blast of sand hits the iguana but does no damage.
The iguana is moderately wounded.
The hobgoblin hits you with a +0 hand axe.
The iguana bites you! The hobgoblin misses you. The iguana bites you!
* * * LOW HITPOINT WARNING * * *
You are too injured to fight recklessly!
Unknown command.
The iguana attacks as you move away! The iguana closely misses you.
The hobgoblin attacks as you move away!
The hobgoblin hits you with a +0 hand axe.
* * * LOW HITPOINT WARNING * * *
Casting: Sandblast (safe; 3% risk of failure)
Confirm with . or Enter, or press ? or * to list all spells.
Aiming: Sandblast (safe; 3% risk of failure)
Press: ? - help, Shift-Dir - straight line, f - hobgoblin, p - iguana
Aim: a hobgoblin, wielding a +0 hand axe and wearing a +0 ring mail (84% to hit)
The blast of sand hits the hobgoblin but does no damage.
The hobgoblin barely misses you.
Your magical contamination has completely faded away.
Unknown command.
Casting: Sandblast (safe; 3% risk of failure)
Confirm with . or Enter, or press ? or * to list all spells.
Aiming: Sandblast (safe; 3% risk of failure)
Press: ? - help, Shift-Dir - straight line, f/p - hobgoblin
Aim: a hobgoblin, wielding a +0 hand axe and wearing a +0 ring mail (84% to hit)
The blast of sand hits the hobgoblin.
The hobgoblin is almost dead.
The hobgoblin closely misses you.
The hobgoblin hits you with a +0 hand axe.
You die...

###'##♣~~##..#
#P~♣#♣♣~'..#
#~♣♣~♣#♣~#.## .# #P
#♣~♣~♣### .. #♣#♣~~~♣#♣#
.. ###. ###♣~♣~♣#♣~###
.##.... ##.#~♣#♣~♣♣~#.#
..... #..'~♣♣#♣~~##.###
...#
#..#♣~†♣##'##..@##...#
#..######..†....gl..####
#.## #.....#####......#
#..#####.....## ###....#
##....####....# #....#
####.#####...# ....#
#.#...##..# ###...#
#[#.......# #.#<..##
##.#......## ##......#


You could see an iguana and a hobgoblin.

Vanquished Creatures
  Menkaure (D:4)
  A bullfrog (D:4)
  Terence (D:2)
  3 adders
  6 orcs
  8 endoplasms
  2 giant cockroaches
  5 hobgoblins
  5 kobolds
  2 quokkas (D:3)
  4 ball pythons
  6 bats
  4 frilled lizards
  11 goblins
  6 rats
65 creatures vanquished.

Notes
Turn   | Place    | Note
-------+----------+-------------------------------------------
     0 | D:1      | hikkokomori the Demigod Earth Elementalist began the quest
                  | for the Orb.
     0 | D:1      | Reached XP level 1. HP: 14/14 MP: 5/5
    49 | D:1      | Reached skill level 1 in Transmutations
   198 | D:1      | Reached XP level 2. HP: 20/20 MP: 4/7
   639 | D:1      | Upgraded the game from 0.31-a0-128-g25add195a6 to
                  | 0.31-a0-133-gaae73658be
   952 | D:2      | Reached XP level 3. HP: 26/26 MP: 6/8
  1064 | D:2      | Noticed Terence
  1080 | D:2      | Killed Terence
  1844 | D:3      | Learned a level 2 spell: Passwall
  1848 | D:3      | Learned a level 3 spell: Stone Arrow
  1877 | D:3      | Reached XP level 4. HP: 33/33 MP: 5/10
  2821 | D:4      | Noticed a bullfrog
  2825 | D:4      | Killed a bullfrog
  2826 | D:4      | Reached skill level 1 in Fighting
  2826 | D:4      | Reached skill level 1 in Conjurations
  2826 | D:4      | Reached XP level 5. HP: 36/40 MP: 7/11
  2846 | D:4      | Noticed Menkaure
  2858 | D:4      | Killed Menkaure
  3121 | D:4      | HP: 1/41 [hobgoblin/+0 hand axe (3)]
  3123 | D:4      | Slain by a hobgoblin

Illustrated notes

Levels and vault maps discovered:
D:1:      eino_arrival_tree_alley, layout_basic, minmay_pentomino_p4
D:2:      layout_basic, uniq_terence
D:3:      layout_basic
D:4:      cheibrodos_thug_alley, layout_cave_pools,
          dreamdust_divine_triumvirate, mainiacjoe_overflow_alcove_1,
          temple_statues, saegor_snake_ambush, uniq_crazy_yiuf_cottage,
          uniq_menkaure, uniq_blork_the_orc, uniq_sigmund

Skill      XL: |  1  2  3  4 |
---------------+-------------+-----
Transmutations | 1 |  1.7
Stealth        | 2 3 |  3.4
Dodging        | 2 |  2.3
Spellcasting   | 2 |  2.2
Earth Magic    | 3 |  3.8
Fighting       | 1 |  1.8
Conjurations   | 1 |  1.8

Action                     |  1- 3 |  4- 6 || total
---------------------------+-------+-------++-------
  Melee: Unarmed           |     3 |       ||     3
   Cast: Sandblast         |    69 |    39 ||   108
    Use: Potion            |     3 |       ||     3
 Armour: Robe              |     6 |     4 ||    10
         Skin              |     8 |       ||     8
  Dodge: Dodged            |    26 |    15 ||    41

Table legend: (Time is in decaauts)
 A = Elapsed time spent in this place.
 B = Non-inter-level travel time spent in this place.
 C = Inter-level travel time spent in this place.
 D = Time resting spent in this place.
 E = Time spent auto-exploring this place.
 F = Levels seen in this place.
 G = Mean time per level.
                   A        B        C        D        E       F      G
               +--------+--------+--------+--------+--------+-----+--------+
         Total |   3192 |   3061 |    131 |    250 |   2424 |   4 |  798.0 |
       Dungeon |   3192 |   3061 |    131 |    250 |   2424 |   4 |  798.0 |
               +--------+--------+--------+--------+--------+-----+--------+

Top non-repeatable levels by time:
     D:2: 1178 daAuts
     D:3: 888 daAuts
     D:1: 678 daAuts
     D:4: 447 daAuts
